3AAA
HAMILTON COYOTES @ SCRANTON SUPERNOVAS
07/30/2024
 
TOP OF THE 1ST
Hamilton Coyotes batting - Pitching for Scranton Supernovas : LHP Sammy Nash
Pitching: LHP Sammy Nash
Batting: RHB Jon Erickson 0-0: Called Strike
0-1: Ball
1-1: Ball
2-1: Fly out, F4 (Popup, 4)
Batting: RHB Nectanebos Dolenian 0-0: Bunted foul
0-1: Foul Ball, location: 2F
0-2: Ball
1-2: Foul Ball, location: 2F
1-2: Strikes out swinging
Batting: RHB Héctor Rojas 0-0: Ball
1-0: Ball
2-0: Ball
3-0: Called Strike
3-1: Fly out, F9 (Flyball, 9LMF)
Top of the 1st over - 0 run(s), 0 hit(s), 0 error(s), 0 left on base; Hamilton 0 - Scranton 0
BOTTOM OF THE 1ST
Scranton Supernovas batting - Pitching for Hamilton Coyotes : RHP Marcos Mesa
Pitching: RHP Marcos Mesa
Batting: RHB Keith MacKey 0-0: Ball
1-0: Foul Ball, location: 2F
1-1: Swinging Strike
1-2: Strikes out swinging
Batting: SHB Alonso Solís 0-0: Called Strike
0-1: Ball
1-1: Ball
2-1: Ball
3-1: Base on Balls
Batting: RHB Ethan Stanford 0-0: Ball
1-0: Swinging Strike
1-1: Foul Ball, location: 2F
1-2: Ground out 5-3 (Groundball, 56S)
Alonso Solís to second
Batting: RHB Martín Álvarez 0-0: Ball
1-0: Called Strike
1-1: Called Strike
1-2: Ball
2-2: Ball
3-2: Strikes out swinging
Bottom of the 1st over - 0 run(s), 0 hit(s), 0 error(s), 1 left on base; Hamilton 0 - Scranton 0
TOP OF THE 2ND
Hamilton Coyotes batting - Pitching for Scranton Supernovas : LHP Sammy Nash
Batting: RHB Ralph May 0-0: Called Strike
0-1: Ball
1-1: Ball
2-1: Foul Ball, location: 2F
2-2: Foul Ball, location: 2F
2-2: Ball
3-2: Base on Balls
Batting: RHB Dan Bernard 0-0: Called Strike
0-1: Ball
1-1: Called Strike
1-2: Ball
2-2: Ball
3-2: SINGLE (Groundball, 4MD)
Ralph May to second
Ralph May to third
Batting: LHB Ralph Dunford 0-0: Ball
1-0: Called Strike
1-1: Called Strike
1-2: Ball
2-2: Ball
3-2: Strikes out swinging
Dan Bernard steals 2nd base
Batter strikes out.
Batting: LHB Tony Ríos 0-0: Called Strike
0-1: Ball
1-1: Swinging Strike
Balk!
Ralph May scores
Dan Bernard to third
1-2: Ground out 4-3 (Groundball, 34)
Dan Bernard scores
Batting: RHB Stan Pierce 0-0: Called Strike
0-1: Ball
1-1: Foul Ball, location: 2F
1-2: Ball
2-2: Strikes out swinging
Top of the 2nd over - 2 run(s), 1 hit(s), 0 error(s), 0 left on base; Hamilton 2 - Scranton 0
BOTTOM OF THE 2ND
Scranton Supernovas batting - Pitching for Hamilton Coyotes : RHP Marcos Mesa
Batting: LHB Neal Hart 0-0: Called Strike
0-1: Foul Ball, location: 2F
0-2: Foul Ball, location: 2F
0-2: Fly out, F6 (Line Drive, 6)
Batting: RHB Henrique Shearman 0-0: Called Strike
0-1: SOLO HOME RUN (Flyball, 78XD), Distance : 427 ft
Batting: LHB Pedro López 0-0: Called Strike
0-1: Ball
1-1: Fly out, F8 (Line Drive, 8LM)
Batting: LHB Mark Evans 0-0: Called Strike
0-1: Foul Ball, location: 2F
0-2: Ball
1-2: Strikes out looking
Bottom of the 2nd over - 1 run(s), 1 hit(s), 0 error(s), 0 left on base; Hamilton 2 - Scranton 1
TOP OF THE 3RD
Hamilton Coyotes batting - Pitching for Scranton Supernovas : LHP Sammy Nash
Batting: RHB Anthony Trujillo 0-0: Swinging Strike
0-1: Ground out 3-1 (Groundball, 34)
Batting: RHB Jon Erickson 0-0: Ball
1-0: Ball
2-0: Called Strike
2-1: Ball
3-1: Called Strike
3-2: Strikes out swinging
Batting: RHB Nectanebos Dolenian 0-0: Ball
1-0: Called Strike
1-1: Ball
2-1: Foul Ball, location: 2F
2-2: Strikes out looking
Top of the 3rd over - 0 run(s), 0 hit(s), 0 error(s), 0 left on base; Hamilton 2 - Scranton 1
BOTTOM OF THE 3RD
Scranton Supernovas batting - Pitching for Hamilton Coyotes : RHP Marcos Mesa
Batting: RHB Chris Henderson 0-0: Ball
1-0: Called Strike
1-1: Called Strike
1-2: Ball
2-2: Ball
3-2: Foul Ball, location: 2F
3-2: Fly out, F7 (Flyball, 78M)
Batting: RHB Keith MacKey 0-0: Ball
1-0: Ball
2-0: Swinging Strike
2-1: Foul Ball, location: 2F
2-2: Foul Ball, location: 2F
2-2: Strikes out looking
Batting: SHB Alonso Solís 0-0: SINGLE (Groundball, 3L) (infield hit)
Batting: RHB Ethan Stanford 0-0: Called Strike
0-1: Swinging Strike
0-2: Ball
Alonso Solís steals 2nd base
1-2: Foul Ball, location: 2F
1-2: SINGLE (Line Drive, 89S)
Alonso Solís to third
Runner from 3rd tries for Home, SAFE, no throw or cutoff
Batting: RHB Martín Álvarez 0-0: Ball
1-0: Ground out 6-3 (Groundball, 6)
Bottom of the 3rd over - 1 run(s), 2 hit(s), 0 error(s), 1 left on base; Hamilton 2 - Scranton 2
TOP OF THE 4TH
Hamilton Coyotes batting - Pitching for Scranton Supernovas : LHP Sammy Nash
Batting: RHB Héctor Rojas 0-0: Called Strike
0-1: SINGLE (Groundball, 56)
Batting: RHB Ralph May 0-0: Ball
1-0: Swinging Strike
1-1: Foul Ball, location: 2F
1-2: Foul Ball, location: 2F
1-2: Ball
2-2: Foul Ball, location: 2F
2-2: Foul Ball, location: 2F
2-2: Ball
3-2: DOUBLE (Line Drive, 9LD)
Héctor Rojas to third
Batting: RHB Dan Bernard 0-0: Ball
1-0: Ball
2-0: Swinging Strike
2-1: Fly out, F7 (Line Drive, 78M)
Batting: LHB Ralph Dunford 0-0: Called Strike
0-1: Ball
1-1: Ball
2-1: SINGLE (Groundball, 4S)
Héctor Rojas scores
Ralph May to third
Runner from 3rd tries for Home, throw and OUT!
Batting: LHB Tony Ríos 0-0: Called Strike
0-1: Ball
1-1: Fly out, F6 (Popup, 56D)
Top of the 4th over - 1 run(s), 3 hit(s), 0 error(s), 1 left on base; Hamilton 3 - Scranton 2
BOTTOM OF THE 4TH
Scranton Supernovas batting - Pitching for Hamilton Coyotes : RHP Marcos Mesa
Batting: LHB Neal Hart 0-0: Ball
1-0: Ball
2-0: Ball
3-0: Called Strike
3-1: Base on Balls
Batting: RHB Henrique Shearman 0-0: Called Strike
0-1: SINGLE (Groundball, 56D)
Neal Hart to second
Batting: LHB Pedro López 0-0: Foul Ball, location: 2F
0-1: Ball
1-1: Ball
2-1: Called Strike
2-2: Foul Ball, location: 2F
2-2: Foul Ball, location: 2F
2-2: Strikes out looking
Batting: LHB Mark Evans 0-0: Foul Ball, location: 2F
0-1: Fly out, F8 (Line Drive, 8LM)
Batting: RHB Chris Henderson 0-0: Foul Ball, location: 2F
0-1: Fly out, F7 (Flyball, 78M)
Bottom of the 4th over - 0 run(s), 1 hit(s), 0 error(s), 2 left on base; Hamilton 3 - Scranton 2
TOP OF THE 5TH
Hamilton Coyotes batting - Pitching for Scranton Supernovas : LHP Sammy Nash
Batting: RHB Stan Pierce 0-0: SINGLE (Line Drive, 6D)
Batting: RHB Anthony Trujillo 0-0: Ball
1-0: Sac Bunt - play at first, batter OUT! 5-4
Stan Pierce to second
Batting: RHB Jon Erickson 0-0: Called Strike
0-1: Called Strike
0-2: Fly out, F3 (Popup, 3DF)
Batting: RHB Nectanebos Dolenian 0-0: Ball
1-0: Called Strike
1-1: Ball
2-1: Ball
3-1: Ground out 5-3 (Groundball, 5S)
Top of the 5th over - 0 run(s), 1 hit(s), 0 error(s), 1 left on base; Hamilton 3 - Scranton 2
BOTTOM OF THE 5TH
Scranton Supernovas batting - Pitching for Hamilton Coyotes : RHP Marcos Mesa
Batting: RHB Keith MacKey 0-0: Called Strike
0-1: Foul Ball, location: 2F
0-2: Ball
1-2: Ball
2-2: Foul Ball, location: 2F
2-2: SINGLE (Groundball, 6MD)
Batting: SHB Alonso Solís 0-0: Ball
1-0: Sac Bunt - play at first, batter OUT! 2-3
Keith MacKey to second
Batting: RHB Ethan Stanford 0-0: Ball
1-0: Ball
2-0: Called Strike
2-1: Ball
3-1: Base on Balls
Batting: RHB Martín Álvarez 0-0: Called Strike
0-1: Swinging Strike
0-2: Fly out, F8 (Flyball, 78M)
0-2: Fly out, F8 (Flyball, 78M)
Batting: LHB Neal Hart 0-0: Swinging Strike
0-1: Foul Ball, location: 2F
0-2: Ball
1-2: Ball
2-2: Ball
3-2: Base on Balls
Keith MacKey to third
Ethan Stanford to second
Batting: RHB Henrique Shearman 0-0: Ball
1-0: DOUBLE (Flyball, 89D)
Keith MacKey scores
Ethan Stanford scores
Neal Hart to third
Batting: LHB Pedro López 0-0: Fly out, F7 (Flyball, 7M)
Bottom of the 5th over - 2 run(s), 2 hit(s), 0 error(s), 2 left on base; Hamilton 3 - Scranton 4
TOP OF THE 6TH
Hamilton Coyotes batting - Pitching for Scranton Supernovas : LHP Sammy Nash
Batting: RHB Héctor Rojas 0-0: Fly out, F2 (Popup, 2L)
Batting: RHB Ralph May 0-0: Called Strike
0-1: Ball
1-1: Ball
2-1: Foul Ball, location: 2F
2-2: Ball
3-2: SINGLE (Groundball, 6M)
Pitching: LHP Pedro Garza
Batting: RHB Dan Bernard 0-0: Hit by Pitch
Ralph May to second
Batting: LHB Ralph Dunford 0-0: Ground out 3-1 (Groundball, 34)
Ralph May to third
Dan Bernard to second
Batting: LHB Tony Ríos 0-0: Foul Ball, location: 2F
0-1: Ball
1-1: Ground out 4-3 (Groundball, 4)
Top of the 6th over - 0 run(s), 1 hit(s), 0 error(s), 2 left on base; Hamilton 3 - Scranton 4
BOTTOM OF THE 6TH
Scranton Supernovas batting - Pitching for Hamilton Coyotes : RHP Marcos Mesa
Batting: LHB Mark Evans 0-0: Called Strike
0-1: Fly out, F5 (Popup, 5S)
Batting: RHB Chris Henderson 0-0: Ball
1-0: Ball
2-0: Ball
3-0: Called Strike
3-1: Base on Balls
Batting: RHB Keith MacKey Pickoff Throw to First - Out!
0-0: Fly out, F4 (Popup, 4D)
Bottom of the 6th over - 0 run(s), 0 hit(s), 0 error(s), 0 left on base; Hamilton 3 - Scranton 4
TOP OF THE 7TH
Hamilton Coyotes batting - Pitching for Scranton Supernovas : LHP Pedro Garza
Batting: RHB Stan Pierce 0-0: Fly out, F8 (Flyball, 89D)
Batting: RHB Anthony Trujillo 0-0: Called Strike
0-1: Ball
1-1: Ball
2-1: Swinging Strike
2-2: Ground out 4-3 (Groundball, 4)
Batting: RHB Jon Erickson 0-0: Ball
1-0: Swinging Strike
1-1: Foul Ball, location: 2F
1-2: Fly out, F9 (Flyball, 89M)
Top of the 7th over - 0 run(s), 0 hit(s), 0 error(s), 0 left on base; Hamilton 3 - Scranton 4
BOTTOM OF THE 7TH
Scranton Supernovas batting - Pitching for Hamilton Coyotes : RHP Marcos Mesa
Batting: SHB Alonso Solís 0-0: Ball
1-0: DOUBLE (Groundball, 3L)
Batting: RHB Ethan Stanford 0-0: Intentional Walk
Batting: RHB Martín Álvarez 0-0: Called Strike
0-1: Foul Ball, location: 2F
0-2: Foul Ball, location: 2F
0-2: Foul Ball, location: 2F
0-2: Foul Ball, location: 2F
0-2: Strikes out swinging
Batting: LHB Neal Hart 0-0: Foul Ball, location: 2F
0-1: Ball
1-1: Fly out, F5 (Popup, 5F)
Batting: RHB Henrique Shearman 0-0: Called Strike
0-1: Ball
1-1: Ball
2-1: Called Strike
2-2: Fly out, F7 (Flyball, 78D)
Bottom of the 7th over - 0 run(s), 1 hit(s), 0 error(s), 2 left on base; Hamilton 3 - Scranton 4
TOP OF THE 8TH
Hamilton Coyotes batting - Pitching for Scranton Supernovas : LHP Pedro Garza
Pitching: RHP Frank Bryant
Now at C: Steven Johnson
Batting: RHB Nectanebos Dolenian 0-0: Called Strike
0-1: Ball
1-1: Foul Ball, location: 2F
1-2: Ground out 6-3 (Groundball, 6)
Batting: RHB Héctor Rojas 0-0: Ball
1-0: Foul Ball, location: 2F
1-1: Foul Ball, location: 2F
1-2: Ball
2-2: Fly out, F8 (Flyball, 8RM)
Batting: RHB Ralph May 0-0: Called Strike
0-1: Called Strike
0-2: Strikes out looking
Top of the 8th over - 0 run(s), 0 hit(s), 0 error(s), 0 left on base; Hamilton 3 - Scranton 4
BOTTOM OF THE 8TH
Scranton Supernovas batting - Pitching for Hamilton Coyotes : RHP Marcos Mesa
Batting: LHB Pedro López 0-0: Foul Ball, location: 2F
0-1: Called Strike
0-2: Foul Ball, location: 2F
0-2: Strikes out swinging
Batting: LHB Mark Evans 0-0: Called Strike
0-1: Ball
1-1: Ground out U3 (Groundball, 3)
Batting: RHB Chris Henderson 0-0: Called Strike
0-1: Ball
1-1: Foul Ball, location: 2F
1-2: Ground out 4-3 (Groundball, 4)
Bottom of the 8th over - 0 run(s), 0 hit(s), 0 error(s), 0 left on base; Hamilton 3 - Scranton 4
TOP OF THE 9TH
Hamilton Coyotes batting - Pitching for Scranton Supernovas : RHP Frank Bryant
Pitching: RHP Bill Maddox
Now at 2B: Neil Nash
Batting: RHB Dan Bernard 0-0: Ground out 5-3 (Groundball, 5)
Batting: LHB Ralph Dunford 0-0: Ball
1-0: Fly out, F7 (Popup, 56D)
Batting: LHB Tony Ríos 0-0: Foul Ball, location: 2F
0-1: SINGLE (Line Drive, 4MD)
Batting: RHB Stan Pierce 0-0: SINGLE (Groundball, 6MD)
Tony Ríos to second
Runner from 2nd tries for 3rd, OUT!
Top of the 9th over - 0 run(s), 2 hit(s), 0 error(s), 1 left on base; Hamilton 3 - Scranton 4
This league is powered by Out of the Park Baseball, the baseball management simulation game for PC, Mac and Linux
Monday, October 3rd, 2016 - OOTP Baseball 16.9 Build 39